 Dungeon Crawl Stone Soup version 0.29.1-15-g9cfb28693d (webtiles) character file.

Game seed: 8106783827652146902

96 hawla the Firebug (level 5, -4/38 HPs)
             Began as a Meteoran Fire Elementalist on Mar 13, 2023.
             Slain by a river rat (8 damage)
             ... in a sewer.
             The game lasted 00:02:44 (322 turns).

hawla the Firebug (Meteoran Fire Elementalist)       Turns: 322, Time: 00:02:45

Health: -4/38      AC:  2    Str:  9    XL:     5   Next: 20%
Magic:  7/12       EV: 13    Int: 18    God:
Gold:   0          SH:  0    Dex: 15    Spells: 9/12 levels left

rFire   . . .      SeeInvis .   (no weapon)
rCold   . . .      Faith    .   (no shield)
rNeg    . . .      Spirit   .   a - +0 robe
rPois   .          Reflect  .   (no helmet)
rElec   .          Harm     .   d - scarf {repulsion}
rCorr   .          Rampage  .   (no gloves)
Will    .....                   (no boots)
Stlth   +.........              (no amulet)
HPRegen 0.12/turn               (no ring)
MPRegen 0.13/turn               (no ring)

@: glowing, repel missiles
A: sense surroundings 1, otherworldly, glowing, explore regen
a: no special abilities


You were in a sewer.
You visited 1 branch of the dungeon, and saw 4 of its levels.
You also visited: Sewer.

Inventory:

Armour
 a - a +0 robe (worn)
 d - a scarf of repulsion (worn)
Wands
 e - a wand of mindburst (13)
Potions
 c - a potion of degeneration {unknown}
 f - a potion of haste {unknown}


   Skills:
 + Level 3.0 Dodging
 - Level 1.4 Stealth
 + Level 4.0 Spellcasting
 + Level 2.1 Conjurations
 + Level 4.9 Fire Magic


You had 9 spell levels left.
You knew the following spells:

 Your Spells              Type           Power      Damage    Failure   Level
a - Foxfire               Conj/Fire      64%        2x1d7     3%          1
b - Scorch                Fire           42%        2d7       3%          2

Your spell library contained the following spells:

 Spells                   Type           Power      Damage    Failure   Level
 Conjure Flame            Conj/Fire      16%        6-21      11%         3
 Inner Flame              Hex/Fire       12%        N/A       16%         3
 Flame Wave               Conj/Fire      16%        2d7       34%         4


Dungeon Overview and Level Annotations

Branches:
Dungeon (4/15) Zot: 2122    Sewer (1/1) Zot: 541
 Temple: D:4-7

Altars:
Sif Muna
Yredelemnul


Innate Abilities, Weirdness & Mutations

You passively map a small area around you.
You are easily found by Zot.
You glow in the dark.
You regain HP and MP as you explore.


Message History

The river rat bites you!
* * * LOW HITPOINT WARNING * * *
Your Spellcasting skill increases to level 4!
You have reached level 5!
Casting: Foxfire (safe; 3% risk of failure)
Confirm with . or Enter, or press ? or * to list all spells.
You conjure some foxfire!
The river rat is engulfed in a cloud of scalding steam.
The river rat bites you.
* * * LOW HITPOINT WARNING * * *
Your unstable footing causes you to fumble your attack.
The foxfire hits the river rat.
The river rat is almost dead.
The foxfire hits the river rat.
You kill the river rat!
Your Conjurations skill increases to level 2!
A rat and a river rat come into view. 2 rats come into view.
Casting: Foxfire (safe; 3% risk of failure)
Confirm with . or Enter, or press ? or * to list all spells.
You conjure some foxfire!
Magic courses through your body.
The foxfire hits the rat.
You kill the rat!
The foxfire hits the rat but does no damage.
Casting: Foxfire (safe; 3% risk of failure)
Confirm with . or Enter, or press ? or * to list all spells.
Flames lash the river rat.
The river rat is almost dead.
The river rat's fire resistance burns away.
Casting: Scorch (safe; 3% risk of failure)
Confirm with . or Enter, or press ? or * to list all spells.
Flames lash the rat.
You kill the rat!
The river rat bites you.
* * * LOW HITPOINT WARNING * * *
Unknown command.
Casting: Scorch (safe; 3% risk of failure)
Confirm with . or Enter, or press ? or * to list all spells.
You conjure some foxfire!
The river rat bites you!
You die...

~ ~ ....~≈~ ~~ ~
.....~≈ ##.....≈
~~ #......~ #r.†.#
##...# #..r# #.@v#
#..v## ##...##
#....#############
#......≈≈≈≈≈≈≈≈≈≈≈
##....†≈≈≈≈≈.≈≈≈≈≈
#.....~†~~~~#≈#~~
#....~≈≈≈≈≈#~~~≈≈
##...~≈≈≈≈≈≈≈.≈≈≈


You could see a river rat (combustible, ally target) and a rat.

Vanquished Creatures
  3 river rats (Sewer)
  6 adders
  A worm (D:3)
  2 endoplasms (D:1)
  A goblin (D:1)
  A quokka (D:4)
  2 kobolds
  4 rats (Sewer)
20 creatures vanquished.

Vanquished Creatures (others)
  52 foxfires
52 creatures vanquished.

Grand Total: 72 creatures vanquished

Notes
Turn   | Place    | Note
-------+----------+-------------------------------------------
     0 | D:1      | hawla the Meteoran Fire Elementalist began the quest for
                  | the Orb.
     0 | D:1      | Reached XP level 1. HP: 14/14 MP: 5/5
   117 | D:3      | Reached XP level 2. HP: 20/20 MP: 1/6
   123 | D:3      | Reached XP level 3. HP: 26/26 MP: 0/8
   126 | D:3      | Learned a level 2 spell: Scorch
   246 | D:4      | Found a basalt altar of Yredelemnul.
   246 | D:4      | Found a shimmering blue altar of Sif Muna.
   248 | D:4      | Noticed an ogre
   264 | D:4      | Found a glowing drain.
   273 | Sewer    | Entered a sewer
   290 | Sewer    | Reached XP level 4. HP: 33/33 MP: 7/10
   306 | Sewer    | Reached XP level 5. HP: 9/38 MP: 1/12
   322 | Sewer    | Slain by a river rat

Illustrated notes

Levels and vault maps discovered:
D:1:      onia_arrival_mini_spirals, layout_loops_corners
D:2:      layout_basic, serial_shops, shop
D:3:      layout_basic, chequers_ecumenical_altar_grove
D:4:      minmay_chambers_of_threes, layout_basic, jmf_multi_god_temple,
          portal_sewer_entry_d
Sewer:    sewer_minmay_w

Skill      XL: |  1  2  3  4  5 |
---------------+----------------+-----
Fire Magic     | 4 |  4.9
Spellcasting   | 3 4 |  4.0
Dodging        | 3 |  3.0
Conjurations   | 2 |  2.1
Stealth        | |  1.4

Action                   |  1- 3 |  4- 6 || total
-------------------------+-------+-------++-------
Melee: Unarmed           |    12 |     2 ||    14
 Cast: Foxfire           |    20 |    10 ||    30
       Scorch            |       |     3 ||     3
  Use: Potion            |       |     1 ||     1
Armor: Robe              |     2 |     1 ||     3
Dodge: Dodged            |     8 |     3 ||    11
